 Dungeon Crawl Stone Soup version 0.32-a0-20-ge526923d97 (webtiles) character file.

Game seed: 13888926576159134261

64 croobank the Grave Robber (level 4, -1/32 HPs)
             Began as a Human Necromancer on Jan 18, 2024.
             Slain by a centaur (3 damage)
             ... on level 3 of the Dungeon.
             The game lasted 00:06:45 (2850 turns).

croobank the Grave Robber (Human Necromancer)       Turns: 2850, Time: 00:06:46

Health: -1/32      AC:  2    Str:  9    XL:     4   Next: 12%
Magic:  4/7        EV: 12    Int: 17    God:
Gold:   123        SH:  0    Dex: 13    Spells: 7/8 levels left

rFire   . . .        e - +1 dagger (speed)
rCold   . . .        (no shield)
rNeg    . . .        a - +0 robe
rPois   .            (no helmet)
rElec   .            (no cloak)
rCorr   .            (no gloves)
SInv    .            (no boots)
Will    .....        (no amulet)
Stlth   ++           (no ring)
HPRegen 0.25/turn    (no ring)
MPRegen 0.10/turn

%: no passive effects
@: no status effects
A: explore regen
a: no special abilities


You were on level 3 of the Dungeon.
You visited 1 branch of the dungeon, and saw 3 of its levels.

You collected 123 gold pieces.

Inventory:

Hand Weapons
 e - a +1 dagger of speed (weapon)
Missiles
 o - 5 javelins
Armour
 a - a +0 robe (worn)
 i - a +0 ring mail
Scrolls
 d - 2 scrolls of immolation {unknown}
 h - 3 scrolls of teleportation {unknown}
 j - a scroll of vulnerability {unknown}
 k - a scroll of blinking {unknown}
 n - 2 scrolls of enchant armour {unknown}
 q - a scroll of brand weapon {unknown}
 s - a scroll of identify {unknown}
 t - a scroll of fear {unknown}
Potions
 b - a potion of magic
 l - a potion of curing {unknown}
 m - a potion of degeneration {unknown}
 p - a potion of lignification {unknown}
 r - a potion of berserk rage {unknown}
 u - a potion of enlightenment {unknown}
 v - 2 potions of brilliance {unknown}


   Skills:
 + Level 1.1 Fighting
 + Level 2.6 Dodging
 + Level 2.8 Stealth
 + Level 2.5 Spellcasting
 + Level 4.3 Necromancy


You had 7 spell levels left.
You knew the following spells:

 Your Spells              Type           Power      Damage    Failure   Level
a - Necrotise             Necr           64%        1d7       3%          1

Your spell library contained the following spells:

 Spells                   Type           Power      Damage    Failure   Level
 Vampiric Draining        Necr           16%        2d7       10%         3
 Cigotuvi's Dreadful Rot  Necr/Alch/Air  14%        N/A       16%         2
 Sting                    Conj/Alch      8%         1d3       19%         1
 Mercury Vapours          Alch/Air       4%         N/A       28%         2
 Animate Dead             Necr           16%        N/A       30%         4
 Dispel Undead            Necr           16%        3d10      30%         4
 Frozen Ramparts          Ice            4%         1d1       50%         3
 Martyr's Knell           Necr/Summ      9%         N/A       58%         4
 Curse of Agony           Necr           16%        N/A       65%         5
 Leda's Liquefaction      Alch/Erth      1%         N/A       88%         4
 Olgreb's Toxic Radiance  Alch           2%         N/A       88%         4
 Petrify                  Alch/Erth      2%         N/A       88%         4
 Metabolic Englaciation   Hex/Ice        1%         N/A       99%         5
 Death Channel            Necr           8%         N/A       99%         6


Dungeon Overview and Level Annotations

Branches:
Dungeon (3/15)

Altars:


Innate Abilities, Weirdness & Mutations

You regain HP and MP as you explore.


Message History

Aim: a centaur (chance to affect: 73%)
The centaur writhes in agony.
The centaur closely misses you.
The centaur kicks you but does no damage.
The centaur closely misses you.
The centaur kicks you but does no damage.
You barely miss the centaur.
The centaur is lightly wounded.
The centaur hits you. The centaur misses you.
You barely miss the centaur.
The centaur is lightly wounded.
The centaur hits you. The centaur kicks you.
You completely miss the centaur.
The centaur is lightly wounded.
The centaur hits you.
* * * LOW HITPOINT WARNING * * *
The centaur misses you.
You hit the centaur.
The centaur is moderately wounded.
The centaur hits you.
* * * LOW HITPOINT WARNING * * *
The centaur kicks you.
* * * LOW HITPOINT WARNING * * *
Casting: Necrotise (safe; 3% risk of failure)
Confirm with . or Enter, or press ? or * to list all spells.
Aiming: Necrotise (safe; 3% risk of failure)
Press: ? - help, Shift-Dir - straight line, f/p - centaur
Aim: a centaur (moderately wounded, chance to affect: 73%)
The centaur writhes in agony.
The centaur hits you.
* * * LOW HITPOINT WARNING * * *
The centaur kicks you.
* * * LOW HITPOINT WARNING * * *
Okay, then.
Casting: Necrotise (safe; 3% risk of failure)
Confirm with . or Enter, or press ? or * to list all spells.
Aiming: Necrotise (safe; 3% risk of failure)
Press: ? - help, Shift-Dir - straight line, f/p - centaur
Aim: a centaur (heavily wounded, chance to affect: 73%)
The centaur writhes in agony.
The centaur barely misses you. x2
The centaur hits you.
You die...

#..........# #..........#
#..........# #..........# #####
#..........# ..... #..........#
.... #..........# #...
#.....(....#################...
######.†##<...@c...........##.#
##(.........#############.###..
#............... .........c.c.
########.######. #####...####.
#.## #..### ## #..# ....# ##.#
### ###. #.# ... # #.###.# .#
##.


You could see a centaur.

Vanquished Creatures
  An adder (D:3)
  A ribbon worm (D:3)
  A dart slug (D:3)
  6 ball pythons
  3 endoplasms
  3 giant cockroaches
  5 goblins
  6 hobgoblins
  3 quokkas
  2 bats (D:1)
  A frilled lizard (D:2)
  6 kobolds
  6 rats
44 creatures vanquished.

Vanquished Creatures (collateral kills)
  An endoplasm (D:1)
  2 rats
3 creatures vanquished.

Grand Total: 47 creatures vanquished

Notes
Turn   | Place    | Note
-------+----------+-------------------------------------------
     0 | D:1      | croobank the Human Necromancer began the quest for the Orb.
     0 | D:1      | Reached XP level 1. HP: 13/13 MP: 3/3
   290 | D:1      | Reached XP level 2. HP: 19/19 MP: 0/5
   871 | D:1      | Reached XP level 3. HP: 20/25 MP: 6/6
  1913 | D:3      | Reached skill level 1 in Fighting
  1972 | D:3      | Reached XP level 4. HP: 28/32 MP: 0/7
  2197 | D:3      | Noticed a centaur
  2210 | D:3      | HP: 1/32 [centaur (6)]
  2850 | D:3      | Slain by a centaur

Illustrated notes

Levels and vault maps discovered:
D:1:      amcnicky_arrival_blooded_trapdoor, layout_basic, minmay_domino_2
D:2:      layout_basic, st_stairs_11
D:3:      layout_rooms, serial_park_tiny_pond, chequers_serial_rivers_small_3

Skill      XL: |  1  2  3 |
---------------+----------+-----
Fighting       | 1 |  1.1
Dodging        | |  2.6
Stealth        | |  2.8
Spellcasting   | |  2.5
Necromancy     | |  4.3

Action                     |  1- 3 |  4- 6 || total
---------------------------+-------+-------++-------
  Melee: Dagger            |    10 |    23 ||    33
   Cast: Necrotise         |    68 |    10 ||    78
    Use: Potion            |       |     3 ||     3
   Stab: Distracted        |     1 |     1 ||     2
         Sleeping          |       |     1 ||     1
 Armour: Robe              |    15 |    42 ||    57
  Dodge: Dodged            |    20 |    33 ||    53

Table legend: (Time is in decaauts)
 A = Elapsed time spent in this place.
 B = Non-inter-level travel time spent in this place.
 C = Inter-level travel time spent in this place.
 D = Time resting spent in this place.
 E = Time spent auto-exploring this place.
 F = Levels seen in this place.
 G = Mean time per level.
                   A        B        C        D        E       F      G
               +--------+--------+--------+--------+--------+-----+--------+
         Total |   2826 |   2785 |     41 |    868 |   1472 |   3 |  942.0 |
       Dungeon |   2826 |   2785 |     41 |    868 |   1472 |   3 |  942.0 |
               +--------+--------+--------+--------+--------+-----+--------+

Top non-repeatable levels by time:
     D:2: 1342 daAuts
     D:1: 1018 daAuts
     D:3: 465 daAuts
